 Dungeon Crawl Stone Soup version 0.31-a0-325-g067879e3d3 (webtiles) character file.

Game seed: 15345341893768855548

543777 Shard1697 the Unforgettable (level 24, -8/176 HPs)
             Began as a Yellow Draconian Ice Elementalist on July 18, 2023.
             Was the Champion of Hepliaklqana.
             Killed from afar by a black draconian knight (27 damage)
             ... with a bolt of lightning
             ... on level 1 of the Realm of Zot.
             The game lasted 02:23:13 (50822 turns).

Shard1697 the Unforgettable (DrIE)                 Turns: 50822, Time: 02:23:13

Health: -8/176     AC: 25    Str: 21    XL:     24   Next: 82%
Magic:  36/46      EV: 20    Int: 23    God:    Hepliaklqana [******]
Gold:   2111       SH: 24    Dex: 15    Spells: 0/40 levels left

rFire   + + +        a - +9 demon trident (vamp)
rCold   + . .        Y - +5 kite shield {AC+3}
rNeg    + . .        (body armour unavailable)
rPois   +            O - +3 hat of Pondering {ponderous, Will+ MP+10 Int+5}
rElec   .            W - +2 cloak "Loipeh" {rF+ Dex+2 Slay+2}
rCorr   +            s - +2 pair of gloves
SInv    .            l - +0 pair of boots
Will    ++...        K - amulet of Cafyeg {Reflect rF++ Str+3 SH+5}
Stlth   +++          L - ring of Zuawkei {rC+ rN+ rCorr Str+3 Dex-4}
HPRegen 0.49/turn    G - ring of poison resistance
MPRegen 0.30/turn

%: reflection
@: slow
A: reduced essence, spit acid, AC +12, unfitting armour, acidic bite,
cold-blooded, acid resistance, frail 1, screaming 1
}: 3/15 runes: serpentine, barnacled, abyssal
a: Breathe Acid, Renounce Religion, Recall Ancestor, Ancestor Identity,
Transference, Idealise


You were on level 1 of the Realm of Zot.
You worshipped Hepliaklqana.
Hepliaklqana was exalted by your worship.
You visited 9 branches of the dungeon, and saw 42 of its levels.
You visited the Abyss 1 time.
You visited 1 bazaar.
You also visited: Ossuary, Bailey, Ice Cave and Volcano.

You collected 6215 gold pieces.
You spent 4104 gold pieces at shops.

Inventory:

Hand Weapons
 a - a +9 vampiric demon trident (weapon)
 b - a +3 broad axe of freezing
Armour
 l - a +0 pair of boots (worn)
 s - a +2 pair of gloves (worn)
 v - the +1 hat "Qinwiv" {-Cast rPois Regen+ rCorr Str+5}
   (You acquired it on level 2 of the Depths)

   Str:       It affects your strength (+5).
   rPois:     It protects you from poison.
   -Cast:     It prevents spellcasting.
   Regen:     It increases your rate of health regeneration.
   rCorr:     It protects you from acid and corrosion.
 O - the +3 hat of Pondering (worn) {ponderous, Will+ MP+10 Int+5}
   (You took it off Gastronok on level 3 of the Lair of Beasts)

   Int:       It affects your intelligence (+5).
   MP:        It affects your magic capacity (+10).
   Will:      It increases your willpower.
 W - the +2 cloak "Loipeh" (worn) {rF+ Dex+2 Slay+2}
   (You bought it in a shop on level 2 of the Orcish Mines)

   Dex:       It affects your dexterity (+2).
   Slay:      It affects your accuracy & damage with ranged weapons and melee
   (+2).
   rF:        It protects you from fire.
 Y - a +5 kite shield of protection (worn)
Jewellery
 g - an amulet of regeneration
 F - an amulet of magic regeneration
 G - a ring of poison resistance (right hand)
 K - the amulet of Cafyeg (around neck) {Reflect rF++ Str+3 SH+5}
   (You bought it in a shop on level 3 of the Elven Halls)

   [amulet of reflection]

   It reflects blocked missile attacks.
   Str:       It affects your strength (+3).
   rF:        It greatly protects you from fire.
   SH:        It affects your SH (+5).
 L - the ring of Zuawkei (left hand) {rC+ rN+ rCorr Str+3 Dex-4}
   (You took it off a deep elf high priest on level 3 of the Elven Halls)

   [ring of protection from cold]

   Str:       It affects your strength (+3).
   Dex:       It affects your dexterity (-4).
   rC:        It protects you from cold.
   rN:        It protects you from negative energy.
   rCorr:     It protects you from acid and corrosion.
 U - a ring of wizardry
Wands
 j - a wand of mindburst (49)
 z - a wand of iceblast (36)
 N - a wand of charming (36)
 R - a wand of digging (1)
 T - a wand of flame (88)
 X - a wand of light (25)
Scrolls
 c - a scroll of blinking
 f - 17 scrolls of teleportation
 q - 5 scrolls of amnesia
 r - 10 scrolls of poison
 u - 5 scrolls of fear
 y - 13 scrolls of revelation
 B - 9 scrolls of fog
 C - 3 scrolls of summoning
 J - 32 scrolls of identify
 S - 2 scrolls of vulnerability
 V - 2 scrolls of silence
Potions
 d - 3 potions of might
 e - 18 potions of curing
 h - 2 potions of berserk rage
 k - 4 potions of enlightenment
 m - 2 potions of invisibility
 n - 6 potions of haste
 o - 3 potions of resistance
 t - 12 potions of lignification
 w - 9 potions of magic
 x - 6 potions of cancellation
 A - 14 potions of mutation
 D - 5 potions of brilliance
 E - 8 potions of ambrosia
 Q - 8 potions of heal wounds
Miscellaneous
 i - a condenser vane
 H - a lightning rod (4/4)


   Skills:
 - Level 18.8 Fighting
 - Level 18.3 Polearms
 - Level 15.7 Dodging
 - Level 6.1 Stealth
 - Level 15.8 Shields
 - Level 8.5 Spellcasting
 - Level 2.4 Conjurations
 - Level 8.4 Hexes
 + Level 13.6 Summonings
 - Level 11.0 Transmutations
 - Level 5.6 Ice Magic
 - Level 2.3 Air Magic
 - Level 13.5 Poison Magic
 - Level 19.3 Invocations
 - Level 10.0 Evocations


You couldn't memorise any spells.
You knew the following spells:

 Your Spells              Type           Power      Damage    Failure   Level
a - Freeze                Ice            100%       1d10      1%          1
b - Frozen Ramparts       Ice            70%        1d11      2%          3
c - Ozocubu's Armour      Ice            35%        N/A       2%          3
d - Olgreb's Toxic Radia  Pois           64%        N/A       1%          4
e - Mephitic Cloud        Conj/Pois/Air  37%        N/A       2%          3
f - Eringya's Noxious Bo  Tmut/Pois      30%        4d6       10%         6
g - Irradiate             Conj/Tmut      20%        3d18      17%         5
h - Ignite Poison         Fire/Tmut/Pois 47%        N/A       1%          3
i - Monstrous Menagerie   Summ           32%        N/A       30%         7
t - Summon Mana Viper     Hex/Summ       57%        N/A       3%          5

Your spell library contained the following spells:

 Spells                   Type           Power      Damage    Failure   Level
 Poisonous Vapours        Pois/Air       92%        N/A       1%          2
 Wereblood                Tmut           57%        N/A       1%          2
 Summon Guardian Golem    Hex/Summ       57%        N/A       1%          3
 Tukima's Dance           Hex            48%        N/A       1%          3
 Summon Ice Beast         Ice/Summ       52%        N/A       1%          4
 Alistair's Intoxication  Tmut/Pois      40%        N/A       1%          5
 Magic Dart               Conj           84%        1d7       3%          1
 Dazzling Flash           Conj/Hex       68%        N/A       3%          3
 Summon Lightning Spire   Summ/Air       46%        N/A       3%          4
 Inner Flame              Hex/Fire       29%        N/A       4%          3
 Portal Projectile        Hex/Tloc       58%        N/A       4%          3
 Yara's Violent Unravell  Hex/Tmut       26%        3d11      4%          5
 Searing Ray              Conj           42%        2d6       5%          2
 Hailstorm                Conj/Ice       28%        3d8       5%          3
 Foxfire                  Conj/Fire      60%        2x1d7     6%          1
 Fulminant Prism          Conj/Hex       17%        3d11      10%         4
 Petrify                  Tmut/Erth      35%        N/A       10%         4
 Lesser Beckoning         Tloc           18%        N/A       14%         2
 Sublimation of Blood     Necr           9%         N/A       14%         2
 Stone Arrow              Conj/Erth      30%        3d8       17%         3
 Gell's Gravitas          Tloc           9%         N/A       28%         3
 Teleport Other           Tloc           9%         N/A       28%         3
 Volatile Blastmotes      Fire/Tloc      18%        2d11      28%         3
 Flame Wave               Conj/Fire      15%        2d7       50%         4
 Iskenderun's Mystic Bla  Conj/Tloc      15%        2d5       50%         4
 Sticky Flame             Conj/Fire      15%        2d4       50%         4
 Freezing Cloud           Conj/Ice/Air   12%        6-21      54%         5
 Animate Dead             Necr           9%         N/A       67%         4
 Arcjolt                  Conj/Air       10%        1d20      69%         5
 Summon Horrible Things   Summ           32%        N/A       94%         8
 Borgnjor's Vile Clutch   Necr/Erth      4%         N/A       95%         5
 Lee's Rapid Deconstruct  Erth           4%         3d5*      95%         5
 Conjure Ball Lightning   Conj/Air       10%        3x3d6     99%         6
 Simulacrum               Ice/Necr       11%        N/A       99%         6
 Haunt                    Necr/Summ      20%        N/A       99%         7
 Death Channel            Necr           4%         N/A       100%        6
 Plasma Beam              Fire/Air       7%         2x1d18    100%        6
 Starburst                Conj/Fire      7%         6d4       100%        6
 Ozocubu's Refrigeration  Ice            17%        4d11      100%        7
 Discord                  Hex            24%        N/A       100%        8
 Disjunction              Tloc           4%         N/A       100%        8
 Ignition                 Fire           4%         3d4       100%        8
 Shatter                  Erth           4%         3d8*      100%        9
 Animate Armour           Summ/Erth      Unusable   N/A       N/A         4

Dungeon Overview and Level Annotations

Branches:
Dungeon (15/15)            Temple (0/1) D:7            Lair (5/5) D:10
 Shoals (4/4) Lair:3        Snake (4/4) Lair:2        Slime (0/5) Lair:4
    Orc (2/2) D:9             Elf (3/3) Orc:2        Vaults (4/5) D:13
  Crypt (0/3) Vaults:2     Depths (4/4) D:15            Zot (1/5) Depths:4
Ossuary (visited)          Bailey (visited)           IceCv (visited)
Volcano (visited)

Altars:
Ashenzari
Cheibriados
Dithmenos
Gozag
Hepliaklqana
Kikubaaqudgha
Makhleb
Nemelex Xobeh
Qazlal
Trog
Uskayaw
Wu Jian
Yredelemnul
Zin
The Shining One
Jiyva

Shops:
D:10 !   Orc:1 !   Orc:2 [[(*   Elf:3 =(=   Shoals:2 *   Snake:3 !*   Snake:4 !
Vaults:2 (*(:   Vaults:4 *

Portals:
Hell: Depths:1 Depths:2 Depths:3 Depths:4
Abyss: Depths:3 Depths:4
Pandemonium: Depths:1 Depths:2 Depths:3
Ziggurat: Depths:4

Annotations:
D:11 2 transporters, themarg's ghost, journeyman DrSh
Shoals:2 Roxanne
Shoals:3 2 transporters, 3 runed translucent doors, exclusion: orange crystal statue, Ifrazul's ghost, journeyman MiFi
Elf:2 3 runed translucent doors


Innate Abilities, Weirdness & Mutations

Your life essence is reduced to manifest your ancestor. (-10% HP)
You can spit globs of acid.
Your golden yellow scales are hard. (AC +12)
You cannot fit into any form of body armour.
You have acidic saliva.
You are cold-blooded and may be slowed by cold attacks.
You are resistant to acid. (rCorr)
You are frail. (-10% HP)
You occasionally shout uncontrollably at your foes.


Message History

The red draconian scorcher hits you but does no damage.
The black draconian knight is engulfed in noxious fumes.
The black draconian knight hits you but does no damage.
Idiot closely misses the black draconian knight.
You barely miss the red draconian scorcher.
The red draconian scorcher is almost dead.
You impale the red draconian scorcher!!
You feel better.
You kill the red draconian scorcher!
The black draconian knight seems less confused.
The black draconian knight breathes lightning at you.
The bolt of lightning hits you!! x2
* * * LOW HITPOINT WARNING * * *
The bolt of lightning hits the black draconian knight.
The black draconian knight completely resists.
Idiot hits the black draconian knight with a +0 broad axe of speed!
You swap places.
The black draconian breathes lightning at you.
The bolt of lightning hits the black draconian knight.
The black draconian knight completely resists.
The bolt of lightning hits you!
* * * LOW HITPOINT WARNING * * *
Idiot misses the black draconian knight.
Idiot hits the black draconian with a +0 broad axe of speed!
You feel much better.
The black draconian knight hits you but does no damage.
The black draconian knight gestures at you while chanting.
The shard of ice hits you. You partially resist.
* * * LOW HITPOINT WARNING * * *
A purple draconian comes into view. It is wielding a +0 long sword.
Idiot hits the black draconian knight with a +0 broad axe of speed!!
Idiot misses the black draconian.
Hepliaklqana grants idiot healing and protection!
Idiot is fully restored!
You block the black draconian knight's attack.
The black draconian breathes lightning at you.
The bolt of lightning hits you!!
* * * LOW HITPOINT WARNING * * *
The black draconian knight breathes lightning at you.
The bolt of lightning hits you!!
You die... ^* ####...## ** ##...## ##...## ##...## * ##...## ** ##...## ,** ##...# *,* #...# *,** *** #.@q# ,,,*** *,* #qdR#

,,,*,* ***,* #..)#
,*,,,** *,*,* #...#
**,,,,* *,,,* #...#
,***,,***,,,**#...#
,* ***,,*,,,,*#.?.#
,* *,,*,,**,...d#
,* ****,,**.....#


You could see the friendly idiot the knight (idealised, reflecting), 2
draconians, a black draconian (catching breath) and a purple draconian.

Vanquished Creatures
  An ancient lich (Depths:4)
  A juggernaut (Depths:2)
  7 caustic shrikes
  2 golden dragons
  Nikola (Vaults:2)
  A bone dragon (Abyss:1)
  A tentacled monstrosity (Depths:4)
  Mlioglotl (Snake:3)
  A walking earthen tome (Depths:2)
  A titan (Depths:3)
  3 deep elf blademasters
  A walking frostbound tome (Depths:4)
  A tentacled starspawn (Abyss:3)
  3 deep elf master archers (Elf:3)
  3 sphinxes
  Donald (Vaults:1)
  6 tengu reavers
  3 shadow dragons
  3 storm dragons
  A rockslime (IceCv)
  14 fire giants
  4 nagarajas
  3 azure jellies (IceCv)
  A draconian scorcher (Zot:1)
  4 deep elf sorcerers
  9 vault wardens
  7 frost giants
  3 iron dragons
  An orc warlord (Bailey)
  3 deep elf elementalists (Elf:3)
  A reaper (Depths:3)
  6 stone giants
  2 quicksilver oozes (IceCv)
  2 war gargoyles (Vaults:2)
  4 ironbound thunderhulks
  A broodmother (shapeshifter) (Elf:1)
  2 spriggan defenders
  13 ironbound preservers
  2 vampire knights
  Azrael (Orc:2)
  7 very ugly things
  6 dire elephants
  6 deep elf annihilators (Elf:3)
  13 starcursed masses
  3 deep elf demonologists (Elf:3)
  A black draconian (Depths:4)
  A purple draconian (Depths:4)
  2 white draconians (Zot:1)
  5 ettins
  8 spark wasps
  4 deep elf death magi
  A crystal guardian (Vaults:4)
  2 merfolk javelineers (Shoals:4)
  A blizzard demon (Abyss:3)
  A jiangshi (Depths:4)
  8 merfolk impalers
  A yellow draconian (Depths:4)
  11 yaktaur captains
  4 deep elf high priests (Elf:3)
  6 fire dragons
  3 spriggan zombies (Abyss:1)
  5 great orbs of eyes
  A peacekeeper (Vaults:2)
  7 vault guards
  5 rakshasas
  9 ice dragons
  2 hell beasts (Depths:3)
  2 ogre magi
  7 spriggan air magi
  6 ironbound frosthearts
  2 merfolk avatars (Shoals:4)
  10 anacondas
  4 two-headed ogres
  11 hydras
  5 merfolk aquamancers
  4 centaur warriors
  12 dancing weapons
  2 alligator snapping turtles (Shoals:4)
  5 boulder beetles
  3 satyrs
  7 tengu warriors
  5 deep troll shamans
  9 naga warriors
  Urug (Lair:1)
  A titan zombie (Depths:1)
  4 thrashing horrors
  4 death yaks
  8 naga sharpshooters
  4 spriggan berserkers
  14 hell knights
  A sun demon (Depths:2)
  6 deep troll earth magi
  5 shock serpents
  2 soul eaters (Depths:2)
  Nergalle (D:12)
  3 skysharks
  A spark wasp zombie (Depths:1)
  10 deep elf knights
  3 iron trolls
  4 wretched stars
  A spatial maelstrom (Abyss:3)
  4 skeletal warriors (Vaults:2)
  6 glowing orange brains
  38 deep trolls
  9 sea snakes
  Lodul (D:13)
  12 deep elf archers
  A golden dragon skeleton (Depths:1)
  8 naga ritualists
  4 flayed ghosts (Depths:2)
  8 ironbound convokers
  8 wizards
  22 deep elf zephyrmancers
  2 orc knights
  5 lindwurms
  27 deep elf pyromancers
  A harpy (shapeshifter) (D:15)
  8 necromancers
  14 harpies
  2 orc sorcerers
  15 manticores
  A salamander (shapeshifter) (D:15)
  20 ugly things
  5 mana vipers
  3 tengu skeletons
  8 cyclopes
  An oklob plant (Lair:4)
  A moth of wrath (Zot:1)
  5 fauns
  4 salamanders
  4 worldbinders (Abyss:3)
  23 black mambas
  4 nameless horrors
  A toenail golem (Volcano)
  8 elephants
  6 merfolk sirens
  5 water nymphs
  A stone giant skeleton (Vaults:2)
  An apocalypse crab (Abyss:3)
  5 guardian serpents
  10 naga magi
  Joseph (D:9)
  A dire elephant skeleton (Abyss:1)
  2 eyes of devastation
  2 smoke demons (Abyss:3)
  3 molten gargoyles (Volcano)
  14 cane toads
  2 gargoyles (D:13)
  A torpor snail (Lair:2)
  A naga skeleton (Abyss:3)
  9 vault sentinels
  Maggie (Lair:1)
  2 ancient zymes (Abyss:1)
  2 kobold demonologists (D:12)
  45 yaktaurs
  7 komodo dragons
  2 efreet (Volcano)
  2 human skeletons (Vaults:2)
  2 tengu conjurers
  3 red devils
  A yaktaur skeleton (Vaults:2)
  10 merfolk
  A harpy zombie (Abyss:2)
  5 meliai
  2 polar bears (Lair:5)
  5 trolls
  A snapping turtle (Shoals:4)
  A hellwing (Depths:2)
  3 wind drakes
  9 hornets
  A tarantella (shapeshifter) (Elf:2)
  A dream sheep (Shoals:2)
  21 blink frogs
  A flying skull (Abyss:1)
  11 large abominations
  An ettin zombie (Abyss:3)
  2 air elementals (Elf:3)
  26 slime creatures
  A culicivora (shapeshifter) (D:14)
  A centaur simulacrum (Abyss:1)
  6 spriggans
  A shadow (D:12)
  40 yaks
  3 wyverns
  4 water elementals
  5 wraiths
  A ynoxinul (Abyss:1)
  15 humans (D:13)
  3 basilisks
  A steam dragon (shapeshifter) (Depths:2)
  4 fire elementals
  11 small abominations
  A steam dragon (D:9)
  2 chaos spawn
  4 neqoxecs
  2 redbacks (Vaults:1)
  An elf skeleton (Vaults:2)
  28 nagas
  A harpy simulacrum (Abyss:1)
  A spatial vortex (Abyss:3)
  4 wargs
  6 hell hounds
  11 water moccasins
  36 orc warriors
  5 great orb of eyes simulacra (IceCv)
  A black bear (D:6)
  A sky beast (D:8)
  13 ogres
  13 centaurs
  14 wolves
  A phantom (D:6)
  17 bullfrogs
  2 kobold brigands (D:12)
  3 gnoll sergeants
  7 earth elementals
  3 scorpions
  3 wights
  15 killer bees
  2 vampire bats (D:8)
  4 howler monkeys
  9 hounds
  2 quasits (Abyss:1)
  2 gnoll boudas (D:9)
  11 orc priests
  A sleepcap (D:5)
  An iron imp (Abyss:1)
  4 iguanas (D:5)
  14 orc wizards
  27 gnolls
  7 adders
  A white imp (D:7)
  An ufetubus (D:6)
  A worm (D:2)
  A dart slug (D:2)
  59 orcs
  5 bats
  4 bat skeletons (D:8)
  A bat zombie (D:8)
  6 endoplasms
  14 goblins
  11 hobgoblins
  5 jackals
  5 quokkas
  6 ball pythons
  3 gnoll skeletons (Ossuary)
  7 kobolds
  2 kobold skeletons (Ossuary)
  9 orc skeletons (Ossuary)
  2 rats (D:1)
  2 starspawn tentacles (Abyss:3)
1450 creatures vanquished.

Vanquished Creatures (collateral kills)
  A juggernaut (Depths:2)
  Vashnia (Snake:4)
  Saint Roka (Orc:2)
  7 caustic shrikes (Depths:4)
  A curse toe (Zot:1)
  2 golden dragons (Depths:4)
  2 liches (Depths:3)
  A deep elf blademaster (Abyss:3)
  A tentacled starspawn (Abyss:1)
  A titan (Depths:3)
  A quicksilver dragon (Depths:4)
  The ghost of Konionua the Bewitcher, an adept KoEn of Dithmenos (Vaults:4)
  Gastronok (Lair:3)
  Polyphemus (Shoals:2)
  4 sphinxes
  A thorn hunter (Abyss:3)
  A storm dragon (Zot:1)
  Aizul (Vaults:1)
  A tengu reaver (Depths:2)
  4 fire giants
  2 shadow dragons (Depths:4)
  3 frost giants
  An iron dragon (Depths:2)
  2 nagarajas
  A draconian shifter (Depths:4)
  2 deep elf sorcerers
  3 vault wardens
  A caustic shrike skeleton (Abyss:1)
  A deep elf elementalist (Elf:3)
  5 very ugly things
  2 formless jellyfish
  A quicksilver ooze (IceCv)
  A cacodemon (Depths:1)
  4 ironbound preservers
  An ironbound thunderhulk (Vaults:3)
  A green draconian (Depths:4)
  5 stone giants
  A vampire knight (Depths:3)
  8 deep elf annihilators
  2 deep elf demonologists (Elf:3)
  3 dire elephants
  3 spark wasps (Depths:2)
  A purple draconian (Depths:4)
  2 white draconians
  2 yellow draconians
  A crystal guardian (Vaults:2)
  3 deep elf death magi (Elf:3)
  4 merfolk javelineers (Shoals:4)
  A blizzard demon (Depths:2)
  2 ettins
  A great orb of eyes (Vaults:4)
  4 fire dragons
  A shambling mangrove (Abyss:3)
  A jiangshi (Depths:4)
  2 entropy weavers
  Josephine (Orc:2)
  4 merfolk impalers
  3 deep elf high priests (Elf:3)
  A hell beast (Depths:2)
  3 salamander tyrants (Snake:4)
  5 yaktaur captains
  4 ice dragons
  A vault guard (Vaults:4)
  A rakshasa (Depths:2)
  3 hydras
  2 spriggan air magi (Depths:4)
  2 peacekeepers
  3 catoblepae
  A merfolk aquamancer (Shoals:4)
  An ogre mage (D:15)
  A two-headed ogre (Orc:2)
  A merfolk avatar (Shoals:4)
  3 centaur warriors
  An alligator snapping turtle (Shoals:3)
  3 vampire magi
  8 anacondas
  A satyr (Abyss:3)
  2 ironbound frosthearts (Vaults:1)
  5 death yaks
  6 naga warriors
  A spriggan berserker (Depths:2)
  5 dancing weapons
  3 tengu warriors
  4 deep troll earth magi
  A thrashing horror (Abyss:3)
  4 shock serpents
  Amaemon (Lair:2)
  7 deep elf knights
  6 naga sharpshooters
  11 hell knights
  2 sun demons (Depths:2)
  6 iron trolls
  3 skeletal warriors (Vaults:2)
  18 deep trolls
  A sixfirhy (Abyss:1)
  A glowing orange brain (Abyss:3)
  An obsidian statue (Vaults:2)
  A flayed ghost (Abyss:3)
  4 large abominations
  4 deep elf archers (Elf:3)
  5 naga ritualists
  8 deep elf zephyrmancers
  3 sea snakes
  2 wizards
  2 orange crystal statues (IceCv)
  6 harpies
  4 lindwurms
  6 necromancers
  An orc knight (Bailey)
  7 ironbound convokers
  3 deep elf pyromancers
  5 mana vipers
  A cyclops (Shoals:2)
  A stone giant zombie (Depths:1)
  4 fauns
  10 ugly things
  14 manticores
  A moth of wrath (Zot:1)
  A cyclops (shapeshifter) (D:15)
  4 salamanders
  6 vault sentinels
  2 merfolk sirens (Shoals:4)
  A sphinx skeleton (Vaults:2)
  A fire giant skeleton (Vaults:2)
  2 elephants
  An apocalypse crab (Abyss:1)
  20 slime creatures
  15 black mambas
  A stone giant skeleton (Abyss:1)
  8 naga magi
  5 guardian serpents
  3 cane toads
  2 smoke demons
  4 water nymphs
  4 orange demons
  An efreet (Volcano)
  Psyche (D:9)
  15 yaktaurs
  A tengu conjurer (D:15)
  A yaktaur skeleton (Vaults:2)
  2 ice devils (Depths:2)
  A troll (Orc:2)
  13 merfolk
  2 meliai (D:14)
  4 wind drakes
  2 hornets (Depths:4)
  A hellwing (Depths:1)
  6 blink frogs
  2 dream sheep (Shoals:2)
  A stone giant simulacrum (Depths:1)
  5 snapping turtles
  An air elemental (Elf:3)
  A wraith (Orc:2)
  5 water elementals
  2 spriggans
  3 basilisks
  10 yaks
  A chaos spawn (Abyss:1)
  7 fire elementals
  A neqoxec (Abyss:3)
  3 humans (D:13)
  A redback (Vaults:1)
  A spatial vortex (Abyss:3)
  Menkaure (D:4)
  3 water moccasins
  A hell hound (Depths:2)
  18 nagas
  A glowing shapeshifter skeleton (Vaults:2)
  A hydra simulacrum (Abyss:1)
  3 small abominations
  A sky beast (D:7)
  11 orc warriors
  A black bear (D:6)
  7 wolves
  3 centaurs (Orc:2)
  An ogre (Orc:1)
  2 slime creature simulacra (IceCv)
  A kobold brigand (D:12)
  2 bullfrogs (D:4)
  A gnoll sergeant (D:9)
  An earth elemental (D:14)
  3 glowing shapeshifter simulacra (IceCv)
  2 wights
  6 killer bees
  A howler monkey (D:9)
  A quasit (Abyss:3)
  2 jellies
  An orc priest (Orc:2)
  Crazy Yiuf (D:7)
  3 hounds
  2 starcursed masses (Abyss:3)
  2 gnoll boudas
  7 orc wizards
  2 iguanas
  A mummy (Ossuary)
  7 gnolls
  An adder (D:5)
  3 white imps
  A dart slug (D:2)
  18 orcs
  A ball python (D:4)
  3 bats
  A bat skeleton (D:8)
  2 giant cockroaches
  4 goblins
  4 hobgoblins (Bailey)
  A jackal (D:9)
  7 gnoll skeletons (Ossuary)
  2 kobold skeletons (Ossuary)
  2 orc skeletons (Ossuary)
  2 rats (D:3)
  2 fire vortices (Volcano)
  2 starspawn tentacles (Abyss:1)
675 creatures vanquished.

Vanquished Creatures (others)
  A deep elf master archer (Elf:3)
  A fire giant (Depths:3)
  A deep elf sorcerer (Abyss:3)
  A yaktaur captain (Vaults:4)
  A deep elf knight (Elf:3)
  A deep troll (Depths:4)
  A deep elf zephyrmancer (Elf:2)
  A deep elf pyromancer (Elf:3)
  2 manticores (Depths:2)
  A yaktaur (Vaults:4)
  A slime creature (IceCv)
  A basilisk (D:14)
  An earth elemental (Volcano)
  An orc wizard (D:7)
  43 knights
  An ufetubus (Abyss:1)
  An ancestor (D:3)
  A fire vortex (Volcano)
  4 starspawn tentacles
65 creatures vanquished.

Grand Total: 2190 creatures vanquished

Notes
Turn   | Place    | Note
-------+----------+-------------------------------------------
     0 | D:1      | Shard1697 the Draconian Ice Elementalist began the quest
                  | for the Orb.
     0 | D:1      | Reached XP level 1. HP: 14/14 MP: 3/3
   320 | D:1      | Reached XP level 2. HP: 20/20 MP: 0/5
   866 | D:2      | Found a faded altar of an unknown god.
   914 | D:2      | Prayed at the altar of an unknown god.
   914 | D:2      | Became a worshipper of Hepliaklqana the Forgotten
   914 | D:2      | Reached * piety under Hepliaklqana
  1095 | D:2      | Reached XP level 3. HP: 18/23 MP: 2/6
  1199 | D:2      | Learned a level 3 spell: Frozen Ramparts
  1203 | D:2      | Learned a level 3 spell: Ozocubu's Armour
  1658 | D:3      | Reached XP level 4. HP: 29/29 MP: 3/8
  1698 | D:3      | Reached skill level 5 in Ice Magic
  1935 | D:3      | Reached ** piety under Hepliaklqana
  1936 | D:3      | Remembered your ancestor idiot as a knight
  2109 | D:4      | Reached XP level 5. HP: 25/34 MP: 6/10
  2286 | D:4      | Noticed Menkaure
  2291 | D:4      | Killed Menkaure
  2292 | D:4      | Reached XP level 6. HP: 12/45 MP: 12/12
  2754 | D:4      | Your scales start taking on a golden yellow colour.
  2754 | D:4      | Reached XP level 7. HP: 54/54 MP: 6/13
  2754 | D:4      | Gained mutation: You are resistant to acid. (rCorr) [Yellow
                  | Draconian growth]
  3018 | D:5      | Entered Level 5 of the Dungeon
  3024 | D:5      | Reached skill level 5 in Fighting
  3346 | D:5      | Reached XP level 8. HP: 31/66 MP: 4/14
  3968 | D:5      | Found a glowing golden altar of the Shining One.
  4422 | D:6      | Reached *** piety under Hepliaklqana
  4511 | D:6      | Reached skill level 1 in Polearms
  4539 | D:6      | Reached skill level 1 in Invocations
  4678 | D:6      | Reached skill level 2 in Invocations
  4907 | D:6      | Identified a scroll of acquirement
  4907 | D:6      | Acquired 704 gold pieces
  5162 | D:7      | Reached skill level 3 in Invocations
  5342 | D:7      | Reached XP level 9. HP: 74/74 MP: 15/15
  5362 | D:7      | Found a staircase to the Ecumenical Temple.
  5485 | D:7      | Found a runed translucent door.
  5486 | D:7      | Noticed Crazy Yiuf
  5493 | D:7      | Killed Crazy Yiuf
  5643 | D:7      | Found an opulent altar of Gozag.
  5674 | D:7      | Found a glowing silver altar of Zin.
  5796 | D:7      | Reached skill level 5 in Polearms
  5956 | D:8      | Reached skill level 4 in Invocations
  6046 | D:8      | Reached **** piety under Hepliaklqana
  6089 | D:8      | Reached skill level 5 in Invocations
  6268 | D:8      | Found a sand-covered staircase.
  6275 | Ossuary  | Entered an ossuary
  6828 | D:8      | Found an ancient bone altar of Kikubaaqudgha.
  6928 | D:9      | Reached skill level 6 in Invocations
  7019 | D:9      | Reached XP level 10. HP: 39/81 MP: 16/16
  7033 | D:9      | Found a bloodstained altar of Trog.
  7037 | D:9      | Found a broken altar of Ashenzari.
  7038 | D:9      | Identified the +0 ring mail of the Sea {Str-2 Dex+6}
  7164 | D:9      | Noticed Psyche
  7176 | D:9      | Noticed Joseph
  7179 | D:9      | Killed Psyche
  7278 | D:9      | Found a staircase to the Orcish Mines.
  7402 | D:9      | Reached skill level 7 in Invocations
  7421 | D:9      | Killed Joseph
  7611 | D:9      | Found a flagged portal.
  7624 | Bailey   | Entered a bailey
  7737 | Bailey   | Reached skill level 10 in Polearms
  7761 | Bailey   | Noticed an orc knight
  7782 | Bailey   | Killed an orc knight
  7918 | Bailey   | Noticed an orc warlord
  7937 | Bailey   | Killed an orc warlord
  7938 | Bailey   | Reached XP level 11. HP: 49/87 MP: 13/17
  7972 | Bailey   | Reached XP level 12. HP: 79/93 MP: 16/18
  8399 | D:10     | Entered Level 10 of the Dungeon
  8399 | D:10     | Found a stormy altar of Qazlal.
  8413 | D:10     | Found a burning altar of Makhleb.
  8413 | D:10     | You fall into a shaft and drop 2 floors!
  8435 | D:12     | Found a shadowy altar of Dithmenos.
  8546 | D:12     | Noticed Nergalle
  8561 | D:12     | Killed Nergalle
  8698 | D:10     | Found a staircase to the Lair.
  8700 | D:10     | Reached ***** piety under Hepliaklqana
  8796 | D:10     | Found a sparkling altar of Nemelex Xobeh.
  8840 | D:10     | Found Neves's Distillery.
  8845 | D:10     | Bought a potion of might for 48 gold pieces
  8845 | D:10     | Bought a potion of berserk rage for 60 gold pieces
  8845 | D:10     | Bought a potion of mutation for 96 gold pieces
  8921 | D:10     | Noticed a two-headed ogre
  8929 | D:10     | Killed a two-headed ogre
  9231 | D:11     | Noticed a centaur warrior
  9490 | D:11     | Noticed themarg's ghost (journeyman DrSh)
  9491 | D:11     | Found a transporter.
  9495 | D:11     | Found a transporter.
  9667 | D:11     | Killed a centaur warrior
  9868 | Lair:1   | Entered Level 1 of the Lair of Beasts
  9962 | Lair:1   | Found a hide-covered altar of Uskayaw.
  9962 | Lair:1   | Found an ornate altar of the Wu Jian Council.
  9962 | Lair:1   | Noticed a boulder beetle
  9975 | Lair:1   | Killed a boulder beetle
  9995 | Lair:1   | Noticed Maggie
 10005 | Lair:1   | Killed Maggie
 10084 | Lair:1   | Reached skill level 15 in Polearms
 10358 | Lair:1   | Reached XP level 13. HP: 99/99 MP: 19/19
 10374 | Lair:1   | Noticed Urug
 10390 | Lair:1   | Killed Urug
 10826 | Lair:2   | Noticed Amaemon
 10842 | Lair:2   | Killed Amaemon
 11092 | Lair:2   | Noticed a fire dragon
 11122 | Lair:2   | Killed a fire dragon
 11208 | Lair:2   | Found a staircase to the Snake Pit.
 11271 | Lair:2   | Reached skill level 8 in Invocations
 11439 | Lair:2   | Found a snail-covered altar of Cheibriados.
 11652 | Lair:2   | Reached skill level 10 in Fighting
 12028 | Lair:3   | Noticed Gastronok
 12111 | Lair:3   | Reached skill level 9 in Invocations
 12231 | Lair:3   | Killed Gastronok
 12346 | Lair:3   | Reached skill level 10 in Dodging
 12482 | Lair:3   | Found a staircase to the Shoals.
 12531 | Lair:3   | Reached ****** piety under Hepliaklqana
 12678 | Lair:3   | Reached skill level 10 in Invocations
 12816 | Lair:3   | Gained mutation: You have acidic saliva. [Yellow Draconian
                  | growth]
 12816 | Lair:3   | Reached XP level 14. HP: 111/111 MP: 21/21
 13062 | Lair:3   | Learned a level 5 spell: Summon Mana Viper
 13086 | Lair:4   | Found a viscous altar of Jiyva.
 13089 | Lair:4   | Found a staircase to the Slime Pits.
 13103 | Lair:4   | Reached skill level 1 in Summonings
 13163 | Lair:4   | Reached skill level 1 in Hexes
 14093 | Lair:4   | Learned a level 4 spell: Olgreb's Toxic Radiance
 14094 | Lair:5   | Entered Level 5 of the Lair of Beasts
 14116 | Lair:5   | Reached skill level 1 in Poison Magic
 14927 | Lair:5   | Reached skill level 5 in Poison Magic
 16106 | D:13     | Reached skill level 5 in Spellcasting
 16341 | D:13     | Noticed Lodul
 16370 | D:13     | Killed Lodul
 16371 | D:13     | Reached skill level 5 in Summonings
 16970 | D:13     | Reached skill level 5 in Hexes
 17240 | D:13     | Reached XP level 15. HP: 116/116 MP: 23/23
 17343 | D:13     | Found a gate to the Vaults.
 18404 | D:14     | Learned a level 3 spell: Mephitic Cloud
 18414 | D:15     | Entered Level 15 of the Dungeon
 18731 | D:15     | Reached skill level 1 in Conjurations
 18731 | D:15     | Reached skill level 1 in Air Magic
 19265 | D:15     | Found a staircase to the Depths.
 19878 | Shoals:1 | Entered Level 1 of the Shoals
 20180 | Shoals:1 | Reached skill level 1 in Shields
 20315 | Shoals:1 | Got the Grimoire of Alteration and Topography
 20578 | Shoals:2 | Noticed Roxanne
 20816 | Shoals:2 | Reached XP level 16. HP: 125/125 MP: 26/26
 20816 | Shoals:2 | Found Yxtuva Aroli's Assorted Antiques.
 20824 | Shoals:2 | Noticed Polyphemus
 20849 | Shoals:2 | Killed Polyphemus
 20925 | Shoals:2 | Bought a scroll of fog for 128 gold pieces
 20925 | Shoals:2 | Bought a scroll of teleportation for 96 gold pieces
 21517 | Shoals:3 | Learned a level 6 spell: Eringya's Noxious Bog
 21536 | Shoals:3 | Reached skill level 5 in Shields
 21695 | Shoals:3 | Reached skill level 1 in Transmutations
 21820 | Shoals:3 | Identified the +5 broad axe "Omoczeg" {vamp, rPois Int+2}
 21821 | Shoals:3 | Found a transporter.
 21821 | Shoals:3 | Found a transporter.
 21875 | Shoals:3 | Found a runed translucent gate.
 21875 | Shoals:3 | Found a runed translucent gate.
 21875 | Shoals:3 | Found a runed translucent gate.
 21876 | Shoals:3 | Noticed Ifrazul's ghost (journeyman MiFi)
 22294 | Shoals:4 | Entered Level 4 of the Shoals
 22506 | Shoals:4 | Found a frozen archway.
 22510 | IceCv    | Entered an ice cave
 22689 | IceCv    | Identified the +0 hat of Ychumeaw {+Inv rN+}
 23031 | IceCv    | Reached skill level 5 in Transmutations
 23183 | IceCv    | Found a viscous altar of Jiyva.
 23314 | IceCv    | Got the ring "Fimoraf" {Ice rPois rCorr Str-5 Int+2}
 23999 | Shoals:4 | Reached XP level 17. HP: 87/133 MP: 26/27
 24122 | Shoals:4 | Got a barnacled rune of Zot
 24417 | Shoals:4 | Got the Vellum of Rancid Shapeshifting
 24616 | Shoals:4 | Identified the +1 morningstar "Guvisug" {elec, rN+ Will+
                  | Str-4 Int+5}
 24733 | Shoals:4 | Got the Secrets of the Viper
 25000 | Snake:1  | Entered Level 1 of the Snake Pit
 25426 | Snake:1  | Reached skill level 10 in Poison Magic
 27121 | Snake:2  | Reached skill level 10 in Shields
 27306 | Snake:2  | Reached XP level 18. HP: 138/140 MP: 28/28
 27793 | Snake:2  | You fall into a shaft and drop 1 floor!
 28264 | Snake:3  | Found Orastrafe's General Store.
 28264 | Snake:3  | Found Amesinwiu's Distillery.
 28284 | Snake:3  | Bought a potion of haste for 150 gold pieces
 28284 | Snake:3  | Bought 2 potions of curing for 90 gold pieces
 28290 | Snake:3  | Bought a potion of curing for 39 gold pieces
 28290 | Snake:3  | Bought a potion of curing for 39 gold pieces
 28290 | Snake:3  | Bought a potion of mutation for 104 gold pieces
 28290 | Snake:3  | Bought a potion of resistance for 130 gold pieces
 28330 | Snake:3  | Noticed Mlioglotl
 28343 | Snake:3  | Killed Mlioglotl
 28970 | Snake:4  | Entered Level 4 of the Snake Pit
 29339 | Snake:4  | Found Quss's Distillery.
 29343 | Snake:4  | Bought a potion of mutation for 112 gold pieces
 29343 | Snake:4  | Bought a potion of cancellation for 112 gold pieces
 29343 | Snake:4  | Bought a potion of heal wounds for 70 gold pieces
 29343 | Snake:4  | Bought a potion of heal wounds for 70 gold pieces
 29820 | Snake:4  | Noticed Vashnia
 29847 | Snake:4  | Killed Vashnia
 30351 | Snake:4  | Got a serpentine rune of Zot
 30591 | Orc:1    | Entered Level 1 of the Orcish Mines
 30644 | Orc:1    | Found Rola's Distillery.
 30647 | Orc:1    | Bought a potion of curing for 39 gold pieces
 30647 | Orc:1    | Bought 2 potions of cancellation for 208 gold pieces
 30647 | Orc:1    | Bought a potion of cancellation for 104 gold pieces
 30647 | Orc:1    | Bought a potion of mutation for 104 gold pieces
 30647 | Orc:1    | Bought a potion of heal wounds for 65 gold pieces
 30674 | Orc:1    | Found a dark tunnel.
 30683 | Volcano  | Entered a volcano
 30821 | Volcano  | Reached skill level 10 in Transmutations
 31215 | Orc:2    | Entered Level 2 of the Orcish Mines
 31222 | Orc:2    | Noticed Azrael
 31240 | Orc:2    | Killed Azrael
 31341 | Orc:2    | Noticed Saint Roka
 31363 | Orc:2    | Killed Saint Roka
 31430 | Orc:2    | Found a staircase to the Elven Halls.
 31513 | Orc:2    | Noticed Josephine
 31530 | Orc:2    | Killed Josephine
 31563 | Orc:2    | Found Caluwn's Antique Weapon Shoppe.
 31563 | Orc:2    | Found Daas's Armour Shop.
 31565 | Orc:2    | Found Cysuchoa's Armour Boutique.
 31567 | Orc:2    | Found Dehain's Assorted Antiques.
 31572 | Orc:2    | Bought a scroll of blinking for 150 gold pieces
 31572 | Orc:2    | Bought a scroll of fear for 80 gold pieces
 31575 | Orc:2    | Bought the +2 cloak "Loipeh" {rF+ Dex+2 Slay+2} for 616
                  | gold pieces
 32058 | Vaults:1 | Entered Level 1 of the Vaults
 32096 | Vaults:1 | Reached XP level 19. HP: 145/145 MP: 29/29
 32165 | Vaults:1 | Noticed Donald
 32179 | Vaults:1 | Killed Donald
 32745 | Vaults:1 | Learned a level 5 spell: Irradiate
 32784 | Vaults:1 | Noticed Aizul
 32897 | Vaults:1 | Killed Aizul
 33501 | Vaults:2 | Reached skill level 15 in Shields
 33581 | Vaults:2 | Found Obliso's Antique Weapon Emporium.
 33581 | Vaults:2 | Found a flickering gateway to a bazaar.
 33632 | Bazaar   | Entered a bazaar
 33636 | Bazaar   | Found Naikh's Jewellery Boutique.
 33658 | Bazaar   | Found Liseib's Antique Weapon Emporium.
 33679 | Bazaar   | Found Wouxkih's Book Boutique.
 33699 | Bazaar   | Found Foamel's Antique Armour Shoppe.
 33741 | Bazaar   | Bought the Quarto of Kindled Assembling for 462 gold pieces
 33892 | Vaults:2 | Noticed Nikola
 33906 | Vaults:2 | Killed Nikola
 34226 | Vaults:2 | Found Kyngaj's Assorted Antiques.
 34492 | Vaults:2 | Learned a level 3 spell: Ignite Poison
 34523 | Vaults:2 | Found a staircase to the Crypt.
 34588 | Vaults:2 | Found Ahelu's Book Shoppe.
 34627 | Vaults:2 | Reached skill level 5 in Stealth
 34749 | Vaults:2 | Found Zayn's Antique Weapon Shoppe.
 35052 | Vaults:2 | Reached XP level 20. HP: 153/155 MP: 32/32
 35623 | Vaults:3 | Reached skill level 1 in Evocations
 37223 | Vaults:4 | Reached skill level 15 in Fighting
 37223 | Vaults:4 | Reached skill level 5 in Evocations
 37744 | Vaults:4 | Found Malamic's General Store.
 37748 | Vaults:4 | Bought a scroll of revelation for 142 gold pieces
 37850 | Vaults:4 | Paralysed by a formless jellyfish for 1 turns
 38291 | Vaults:4 | Found a runed translucent gate.
 38291 | Vaults:4 | Found a runed translucent gate.
 38291 | Vaults:4 | Found a runed translucent gate.
 38291 | Vaults:4 | Noticed Konionua's ghost (adept KoEn)
 38320 | Vaults:4 | Killed Konionua's ghost
 38695 | Elf:1    | Entered Level 1 of the Elven Halls
 38877 | Elf:1    | Found an ancient bone altar of Kikubaaqudgha.
 38888 | Elf:1    | Reached XP level 21. HP: 168/168 MP: 33/33
 39450 | Elf:1    | Got the Secrets of Concussion and the Gathering
 40111 | Elf:2    | Found a runed translucent gate.
 40112 | Elf:2    | Found a runed translucent gate.
 40112 | Elf:2    | Found a runed translucent gate.
 40165 | Elf:3    | Entered Level 3 of the Elven Halls
 40311 | Elf:3    | Found a hide-covered altar of Uskayaw.
 40311 | Elf:3    | Identified the +10 dagger of Zin's Benevolence {heavy,
                  | Will- Int+5 Dex+4}
 40901 | Elf:3    | Paralysed by an air elemental for 1 turns
 40995 | Elf:3    | Found Asux's Jewellery Shoppe.
 40999 | Elf:3    | Found Paupheoth's Weapon Emporium.
 41001 | Elf:3    | Found Ovorr's Jewellery Shoppe.
 41042 | Elf:3    | Bought the amulet of Cafyeg {Reflect rF++ Str+3 SH+5} for
                  | 790 gold pieces
 41184 | Elf:3    | Found an ancient bone altar of Kikubaaqudgha.
 41497 | Elf:3    | Paralysed by an air elemental for 1 turns
 41500 | Elf:3    | Paralysed by an air elemental for 1 turns
 41505 | Elf:3    | Paralysed by an air elemental for 1 turns
 41514 | Elf:3    | Paralysed by an air elemental for 1 turns
 41644 | Elf:3    | Identified the +6 long sword "Isetity" {elec, rPois rCorr
                  | Int+4}
 41750 | Elf:3    | Identified the ring of Zuawkei {rC+ rN+ rCorr Str+3 Dex-4}
 42333 | Depths:1 | Entered Level 1 of the Depths
 42339 | Depths:1 | Reached XP level 22. HP: 180/180 MP: 33/34
 42350 | Depths:1 | Reached skill level 10 in Evocations
 42488 | Depths:1 | Found a gateway to Hell.
 42799 | Depths:1 | Found a basalt altar of Yredelemnul.
 43427 | Depths:1 | Found a one-way gate leading to the halls of Pandemonium.
 43683 | Depths:2 | Reached skill level 15 in Dodging
 43852 | Depths:2 | You fall into a shaft and drop 1 floor!
 43852 | Depths:3 | Noticed a caustic shrike
 44345 | Depths:2 | Noticed a juggernaut
 44356 | Depths:2 | Killed a juggernaut
 44549 | Depths:2 | Noticed a juggernaut
 44563 | Depths:2 | Killed a juggernaut
 44651 | Depths:2 | Reached XP level 23. HP: 134/187 MP: 35/35
 44657 | Depths:2 | Reached skill level 11 in Invocations
 45120 | Depths:2 | Reached skill level 12 in Invocations
 45151 | Depths:2 | Acquired the +1 hat "Qinwiv" {-Cast rPois Regen+ rCorr
                  | Str+5}
 45429 | Depths:2 | Identified the +0 whip "Quozaes" {flame, rElec rCorr Int-3
                  | SInv}
 45998 | Depths:3 | Reached skill level 13 in Invocations
 46419 | Depths:3 | Reached skill level 14 in Invocations
 46745 | Depths:3 | Killed a caustic shrike
 47317 | Depths:3 | Found a one-way gate to the infinite horrors of the Abyss.
 47321 | Depths:3 | Voluntarily entered the Abyss.
 47379 | Abyss:1  | Reached skill level 15 in Invocations
 47449 | Abyss:1  | Gained mutation: You occasionally shout uncontrollably at
                  | your foes. [a neqoxec]
 47500 | Abyss:1  | Paralysed by you for 4 turns
 47733 | Abyss:1  | Reached skill level 16 in Invocations
 47736 | Abyss:1  | Found a corrupted altar of Lugonu.
 47914 | Abyss:3  | Found a corrupted altar of Lugonu.
 48153 | Abyss:3  | Reached skill level 17 in Invocations
 48254 | Abyss:3  | Reached XP level 24. HP: 167/198 MP: 31/35
 48262 | Abyss:3  | Got an abyssal rune of Zot
 48362 | Abyss:3  | Gained mutation: You are frail. (-10% HP) [a neqoxec]
 48384 | Depths:3 | Escaped the Abyss
 48479 | Depths:4 | Entered Level 4 of the Depths
 48509 | Depths:4 | Reached skill level 18 in Invocations
 48959 | Depths:4 | Reached skill level 19 in Invocations
 49310 | Depths:4 | Found a one-way gateway to a ziggurat.
 49523 | Depths:4 | Learned a level 7 spell: Monstrous Menagerie
 49599 | Depths:4 | Noticed an ancient lich
 49612 | Depths:4 | Killed an ancient lich
 49639 | Depths:4 | Reached skill level 10 in Summonings
 49874 | Depths:4 | Got Gody's Tome of Fulmination
 50424 | Depths:4 | Found a gate to the Realm of Zot.
 50560 | Zot:1    | Entered Level 1 of the Realm of Zot
 50822 | Zot:1    | Killed from afar by a black draconian knight

Illustrated notes

Levels and vault maps discovered:
D:1:      lemuel_arrival_broad_hall, layout_basic,
          chequers_serial_rivers_small_a, minmay_box_of_dots
D:2:      layout_rooms, shapermc_ecumenical_altar_venn
D:3:      layout_rooms
D:4:      layout_basic, uniq_menkaure
D:5:      layout_loops_cross, nicolae_tso_carved_into_rock,
          kennysheep_generic_room_14
D:6:      layout_basic
D:7:      layout_gridville, pdpol_temple_overflow_zin_treasury_gozag_greed,
          temple_pool_b, uniq_crazy_yiuf_cottage
D:8:      layout_loops_ring, kennysheep_vampire_church,
          nicolae_ossuary_entry_monument
D:9:      layout_cave_pools, mainiacjoe_overflow_boulevard,
          mainiacjoe_overflow_alcove_4, serial_gnoll_camp, gnoll_camp_mini_hut,
          gnoll_camp_huts_basic, gnoll_camp_mini_house, gnoll_camp_mini_basic,
          enter_bailey_4, due_unseen_surprise, uniq_psyche, uniq_joseph
D:10:     layout_basic, mainiacjoe_overflow_large_starburst,
          nemelex_altar_shiori, lair_entry_dummy, serial_shops,
          kennysheep_little_box
D:11:     layout_rooms, gammafunk_ghost_hive
D:12:     layout_roguey, nicolae_dithmenos_the_darkroom, uniq_nergalle
D:13:     layout_basic, grunt_vaults_entry_tiered, uniq_lodul
D:14:     layout_loops_ring, hangedman_abyss_or_decor_stabs,
          minmay_strange_pillars, hangedman_cracks_in_the_wall
D:15:     hangedman_depths_entry_civil_slaughter, layout_basic,
          lightli_fourway_metalbox
Lair:1:   layout_cellular_growth, nzn_masters_of_martial_movement,
          grunt_megastairs_5, uniq_urug, uniq_maggie
Lair:2:   dragon1_lemuel, layout_cave_shapes,
          minmay_snake_entry_guardpost_small, basic_altar,
          chequers_serial_rivers_micro_c, infiniplex_staircase_pool,
          uniq_amaemon
Lair:3:   layout_loops_ring, minmay_shoals_entry_lonely_mermaid, uniq_gastronok
Lair:4:   nzn_winding_woodlands_three_and_one [nzn_winding_woodlands_5x15_twine,
          nzn_winding_woodlands_5x15_zeroes,
          nzn_winding_woodlands_5x15_lazy_stream,
          nzn_winding_woodlands_center_diamonds], layout_loops_ring,
          minmay_slime_entry_oklob_enclosed
Lair:5:   grunt_lair_end_beastmaster, layout_layer_cave
Shoals:1: layout_shoals
Shoals:2: layout_shoals, serial_shops, nicolae_shop_overgrown_old_shop,
          uniq_polyphemus, uniq_roxanne
Shoals:3: gammafunk_sealed_arena, layout_shoals, gammafunk_ghost_necromancy,
          nicolae_shoals_wave_tunnel
Shoals:4: shoals_end_simple, layout_shoals, portal_ice_cave_entry_pillars_four,
          nicolae_shoals_mertower
Snake:1:  layout_layer_cave
Snake:2:  layout_layer_cave, nicolae_snake_boneroom
Snake:3:  layout_rooms, minmay_shoptagon, serial_bayou_shore_b, uniq_mlioglotl
Snake:4:  grunt_snake_rune_serpentine_throne, layout_misc_corridors,
          serial_shops, shop
Orc:1:    layout_diamond_mine, serial_shops, nicolae_shop_behind_doors,
          nicolae_volcano_entry_lava_flow
Orc:2:    st_orc_rangers, layout_caves, uniq_saint_roka, uniq_azrael,
          uniq_josephine
Elf:1:    nicolae_elf_arrival_fired_up, layout_geoelf_diagonals, basic_altar,
          minmay_elf_sorcery
Elf:2:    nicolae_elf_blades_crystal_corner, layout_geoelf_grid
Elf:3:    minmay_elf_hall_four_x, layout_gridlike, basic_altar,
          nicolae_elf_altarnating, minmay_shop_star
Vaults:1: nicolae_vaults_cornered_office, v_misc_33, vaults_room_hallway,
          vaults_standard_mumra_enter_the_diamond,
          nicolae_vaults_closet_pinwheel_3, dpeg_vaults_monster_row,
          nicolae_vaults_double_plus_1, nicolae_vaults_alarming,
          nicolae_vaults_two_Ls, layout_vaults_quadrants, uniq_aizul,
          uniq_donald
Vaults:2: hangedman_vaults_stagger, hangedman_vaults_variations,
          grunt_vaults_trifunnel, ontoclasm_vaults_claustrophobia,
          nicolae_vaults_heart-shaped_vault, vaults_room_grid,
          nicolae_vaults_storage_closets_2, minmay_crypt_entry_skeletal_spiral,
          nicolae_vaults_statue_guard, nicolae_vaults_oval_intersection,
          hangedman_vaults_trim, layout_vaults_big_cross, serial_shops,
          bzr_entry_water, shop, shop, shop, nicolae_shop_tiny_statue_garden,
          uniq_nikola
Vaults:3: nicolae_vaults_storage_closets_1, hangedman_vaults_maws,
          vaults_room_stairs_pillars, ontoclasm_vaults_twist, vaults_mumra_hex,
          ontoclasm_vaults_tryst, nicolae_vaults_ring_of_whatevers,
          ontoclasm_vaults_decontamination, nicolae_vaults_tangram_1,
          v_alt_pattern_5, nicolae_vaults_six-pack, layout_vaults_chaotic_city
Vaults:4: ebering_ghost_rock_garden, nicolae_vaults_triangles,
          nicolae_vaults_tetromino_Z_1, nicolae_vaults_house_2,
          vaults_standard_mumra_enter_the_diamond, ontoclasm_vaults_shuriken,
          vaults_room_boxed, nicolae_vaults_network_s, ontoclasm_vaults_gateway,
          grunt_vaults_funnel, nicolae_vaults_house_3, v_misc_28,
          ontoclasm_vaults_ligature, layout_vaults_omnibox, serial_shops, shop
Depths:1: kennysheep_blocky_room, layout_gridlike, serial_curves,
          eino_curves_01, eino_curves_03, hell_entry, rand_demon_pan_entry_8,
          minmay_misc_feat_encased, lemuel_zombie_altar_yredelemnul
Depths:2: grunt_twisty_corner, layout_cave_pools, grunt_pan_entry_in_and_out,
          pf_coc_iceberg, special_room [special_room_mythical_zoo],
          infiniplex_staircase_zigzag_3
Depths:3: grunt_house_of_mirrors, layout_basic, small_statue_intersection,
          grunt_mini_vestibule, rand_demon_pan_entry_1,
          abyss_entry_small_statue_room, kb_rosetta, minmay_staircase_bubble,
          kennysheep_random_hallway
Depths:4: grunt_runaround [grunt_runaround_doors_1, grunt_runaround_doors_2,
          grunt_runaround_doors_3, grunt_runaround_doors_4,
          grunt_runaround_zot], hell_entry, abyss_entry
Zot:1:    lemuel_acid_trip, layout_onion_interference, uniq_vv

Skill      XL: |  1  2  3  4  5  6  7  8  9 10 11 12 13 14 15 16 17 18 19 20 21 22 23 24 |
---------------+-------------------------------------------------------------------------+-----
Stealth        | 2 5 6 |  6.1
Dodging        | 2 3 6 8 10 11 12 13 14 15 | 15.7
Spellcasting   | 3 4 5 6 8 |  8.5
Ice Magic      | 5 |  5.6
Fighting       | 2 4 7 9 11 12 13 15 17 18 | 18.8
Polearms       | 4 8 11 13 15 16 18 | 18.3
Invocations    | 3 6 7 10 17 19 | 19.3
Summonings     | 5 8 9 13 | 13.6
Hexes          | 5 7 8 |  8.4
Poison Magic   | 7 9 10 12 13 | 13.5
Conjurations   | 2 |  2.4
Air Magic      | 2 |  2.3
Shields        | 3 5 10 13 15 | 15.8
Transmutations | 6 8 10 11 | 11.0
Evocations     | 6 9 10 | 10.0

Action                     |  1- 3 |  4- 6 |  7- 9 | 10-12 | 13-15 | 16-18 | 19-21 | 22-24 || total
---------------------------+-------+-------+-------+-------+-------+-------+-------+-------++-------
  Melee: Mace              |    40 |     5 |       |       |       |       |       |       ||    45
         Tailslap          |     4 |     3 |    16 |    63 |   233 |   236 |   286 |   313 ||  1154
         Unarmed           |     2 |       |       |     1 |       |       |       |       ||     3
         Flail             |       |    47 |    42 |       |       |       |       |       ||    89
         Halberd           |       |       |   198 |   468 |  1212 |   442 |       |       ||  2320
         Punch             |       |       |     2 |       |       |       |       |       ||     2
         Bite              |       |       |       |       |   115 |   193 |   231 |   285 ||   824
         Demon trident     |       |       |       |       |       |  1211 |  1432 |  1673 ||  4316
         Broad axe         |       |       |       |       |       |     2 |     8 |       ||    10
   Cast: Freeze            |    35 |     7 |    17 |       |       |       |       |       ||    59
         Frozen Ramparts   |       |     5 |    13 |       |       |       |       |       ||    18
         Ozocubu's Armour  |       |     1 |       |       |       |       |       |       ||     1
         Olgreb's Toxic Ra |       |       |       |       |    29 |    56 |    81 |    25 ||   191
         Summon Mana Viper |       |       |       |       |     3 |    46 |    25 |    29 ||   103
         Mephitic Cloud    |       |       |       |       |       |     2 |     1 |     7 ||    10
         Eringya's Noxious |       |       |       |       |       |       |    18 |     5 ||    23
 Invoke: Ancestor Life: Kn |       |     1 |       |       |       |       |       |       ||     1
         Ancestor Identity |       |     1 |       |       |       |       |       |       ||     1
         Idealise          |       |       |       |     2 |     2 |     8 |    11 |    11 ||    34
         Recall Ancestor   |       |       |       |     4 |     2 |     6 |     1 |     8 ||    21
Ability: Breathe Acid      |       |       |     1 |     1 |     1 |       |       |       ||     3
  Evoke: Wand              |       |       |       |     1 |       |     1 |       |       ||     2
    Use: Scroll            |       |       |    17 |     7 |     4 |    17 |     5 |     7 ||    57
         Potion            |       |       |       |     9 |     2 |     8 |     3 |     2 ||    24
   Stab: Sleeping          |     3 |     2 |    11 |     2 |    14 |    13 |    14 |     9 ||    68
         Invisible         |       |       |       |    10 |       |       |       |       ||    10
         Distracted        |       |       |       |       |    13 |    27 |    19 |    33 ||    92
         Petrified         |       |       |       |       |       |     5 |       |       ||     5
         Confused          |       |       |       |       |       |     1 |       |     1 ||     2
         Paralysed         |       |       |       |       |       |       |       |     3 ||     3
 Armour: Skin              |    32 |    40 |   101 |   126 |   321 |   305 |   222 |   248 ||  1395
  Dodge: Dodged            |    59 |    54 |   121 |   254 |   793 |   858 |   381 |   472 ||  2992
  Block: Kite shield       |       |       |       |       |       |   694 |   707 |  1021 ||  2422
         Reflection        |       |       |       |       |       |    33 |    12 |    10 ||    55

Table legend: (Time is in decaauts)
 A = Elapsed time spent in this place.
 B = Non-inter-level travel time spent in this place.
 C = Inter-level travel time spent in this place.
 D = Time resting spent in this place.
 E = Time spent auto-exploring this place.
 F = Levels seen in this place.
 G = Mean time per level.
                   A        B        C        D        E       F      G
               +--------+--------+--------+--------+--------+-----+--------+
         Total |  51741 |  48983 |   2758 |   4857 |  28911 |  50 | 1034.8 |
       Dungeon |  14210 |  12984 |   1226 |   1044 |   8704 |  15 |  947.3 |
          Lair |   5959 |   5475 |    484 |    315 |   3825 |   5 | 1191.8 |
        Shoals |   4637 |   4356 |    281 |    657 |   2101 |   4 | 1159.2 |
     Snake Pit |   5591 |   5363 |    228 |    378 |   3524 |   4 | 1397.8 |
  Orcish Mines |   1301 |   1169 |    132 |      0 |    796 |   2 |  650.5 |
   Elven Halls |   3574 |   3434 |    140 |    311 |   1908 |   3 | 1191.3 |
        Vaults |   6434 |   6248 |    186 |    486 |   3971 |   4 | 1608.5 |
        Depths |   7210 |   7133 |     77 |   1357 |   3764 |   4 | 1802.5 |
           Zot |    111 |    111 |      0 |      0 |     29 |   1 |  111.0 |
         Abyss |    932 |    932 |      0 |      2 |     24 |   3 |  310.7 |
        Bazaar |    162 |    162 |      0 |      0 |     87 |   1 |  162.0 |
       Ossuary |    177 |    177 |      0 |      0 |     67 |   1 |  177.0 |
        Bailey |    380 |    380 |      0 |     36 |      2 |   1 |  380.0 |
      Ice Cave |    873 |    873 |      0 |    268 |     99 |   1 |  873.0 |
       Volcano |    184 |    184 |      0 |      0 |      3 |   1 |  184.0 |
               +--------+--------+--------+--------+--------+-----+--------+

Top non-repeatable levels by time:
Depths:4: 2177 daAuts
 Snake:2: 2007 daAuts
   Elf:3: 1960 daAuts
Vaults:2: 1857 daAuts
Depths:3: 1839 daAuts
Shoals:4: 1757 daAuts
Depths:2: 1717 daAuts
Vaults:3: 1701 daAuts
Vaults:1: 1508 daAuts
Depths:1: 1475 daAuts
  Lair:5: 1447 daAuts
    D:13: 1398 daAuts
    D:15: 1395 daAuts
Vaults:4: 1367 daAuts
 Snake:4: 1365 daAuts
